[ AOE2 MATCH · #460736378 ]
UnrankedTurks vs Tatars
Player's team · LOSS
Rival team · WIN
[ REPLAY ANALYSIS · EXTRACTED FROM THE RECORDED GAME ]
Feudal
—
Castle
—
Imperial
—
| APM avg | 22.4 |
| APM peak | 38 |
| eAPM avg | 10.1 |
| Villagers / military | 29 / 0 |
Focus
⚔️ 7.0% · 🌾 93.0%
Feudal
10:24
Castle
—
Imperial
—
| APM avg | 27.1 |
| APM peak | 42 |
| eAPM avg | 9.4 |
| Villagers / military | 35 / 13 |
Focus
⚔️ 17.2% · 🌾 82.8%
Archer ×7 · Militia ×5 · Spearman ×1
Match map
Initial resources + every placement click. Lines = walls · curves = elevation contours. ◆ gold · ⬟ stone · ● berries · ✦ relic · ◌ wall gap
Your base· Open — 6t gap
tortuga_picante's base· Open — 4t gap
Smoothed initial terrain · ◌ = detected wall gap · hover for details
Inputs per minute
— MAVERICK70075 - - tortuga_picante
Build order — MAVERICK70075
55 actions detected in the replay
| 0:00 | Create | Villager (Male) |
| 0:00 | Create | Villager (Male) |
| 0:01 | Create | Villager (Male) |
| 0:02 | Build | House |
| 0:04 | Build | House |
| 0:06 | Build | House |
| 0:30 | Create | Villager (Male) |
| 1:42 | Create | Villager (Male) |
| 2:12 | Create | Villager (Male) |
| 2:26 | Create | Villager (Male) |
| 2:44 | Create | Villager (Male) |
| 2:59 | Create | Villager (Male) |
| 3:31 | Build | Lumber Camp |
| 3:33 | Create | Villager (Male) |
| 3:46 | Create | Villager (Male) |
| 4:20 | Create | Villager (Male) |
| 4:50 | Create | Villager (Male) |
| 5:07 | Create | Villager (Male) |
| 5:31 | Create | Villager (Male) |
| 5:39 | Build | House |
| 5:41 | Create | Villager (Male) |
| 5:41 | Create | Villager (Male) |
| 5:48 | Create | Villager (Male) |
| 5:48 | Create | Villager (Male) |
| 5:49 | Create | Villager (Male) |
| 6:06 | Create | Villager (Male) |
| 6:51 | Create | Villager (Male) |
| 7:20 | Create | Villager (Male) |
| 7:42 | Build | Mill |
| 8:06 | Create | Villager (Male) |
| 8:53 | Research | Feudal Age |
| 10:52 | Build | Mining Camp |
| 11:20 | Create | Villager (Male) |
| 11:25 | Research | Wheelbarrow |
| 11:30 | Build | House |
| 12:04 | Build | Market |
| 12:09 | Create | Villager (Male) |
| 12:23 | Build | Blacksmith |
| 12:30 | Create | Villager (Male) |
| 12:33 | Build | Farm |
| 12:39 | Build | Farm |
| 12:41 | Build | Farm |
| 12:48 | Build | Farm |
| 12:50 | Build | Farm |
| 13:33 | Research | Castle Age |
| 13:33 | Research | Castle Age |
| 13:46 | Build | Farm |
| 13:47 | Build | Farm |
| 13:48 | Build | Farm |
| 14:35 | Build | House |
| 15:32 | Build | House |
| 15:35 | Build | House |
| 16:22 | Build | Town Center |
| 16:27 | Create | Villager (Male) |
| 16:28 | Create | Villager (Male) |
Build order — tortuga_picante
74 actions detected in the replay
| 0:01 | Create | Villager (Male) |
| 0:01 | Create | Villager (Male) |
| 0:01 | Create | Villager (Male) |
| 0:03 | Build | House |
| 0:06 | Build | House |
| 0:25 | Create | Villager (Male) |
| 1:24 | Create | Villager (Male) |
| 2:02 | Create | Villager (Male) |
| 2:07 | Build | Lumber Camp |
| 2:29 | Create | Villager (Male) |
| 2:56 | Create | Villager (Male) |
| 3:16 | Create | Villager (Male) |
| 3:32 | Create | Villager (Male) |
| 3:50 | Build | House |
| 4:04 | Create | Villager (Male) |
| 4:23 | Build | Mill |
| 4:31 | Create | Villager (Male) |
| 4:32 | Create | Villager (Male) |
| 4:32 | Create | Villager (Male) |
| 5:33 | Create | Villager (Male) |
| 5:33 | Create | Villager (Male) |
| 5:47 | Create | Villager (Male) |
| 6:00 | Create | Villager (Male) |
| 6:08 | Build | House |
| 6:33 | Create | Villager (Male) |
| 6:49 | Build | Barracks |
| 7:31 | Create | Villager (Male) |
| 7:38 | Research | Loom |
| 7:48 | Build | Mining Camp |
| 7:57 | Build | House |
| 8:14 | Research | Feudal Age |
| 8:16 | Create | Militia |
| 8:17 | Create | Militia |
| 8:17 | Create | Militia |
| 9:11 | Create | Militia |
| 9:12 | Create | Militia |
| 9:34 | Create | Villager (Male) |
| 9:37 | Build | House |
| 10:21 | Create | Villager (Male) |
| 10:24 | Age | Feudal Age |
| 10:27 | Create | Villager (Male) |
| 10:29 | Research | Double-Bit Axe |
| 10:35 | Build | Archery Range |
| 11:08 | Create | Villager (Male) |
| 11:16 | Build | Blacksmith |
| 11:17 | Create | Archer |
| 11:17 | Create | Archer |
| 11:49 | Create | Villager (Male) |
| 11:51 | Create | Archer |
| 11:51 | Create | Archer |
| 12:01 | Build | House |
| 12:03 | Build | House |
| 12:09 | Create | Villager (Male) |
| 12:24 | Build | Mill |
| 12:27 | Create | Spearman |
| 12:41 | Create | Villager (Male) |
| 12:46 | Research | Fletching |
| 12:48 | Create | Archer |
| 13:01 | Create | Villager (Male) |
| 13:19 | Create | Villager (Male) |
| 13:29 | Build | House |
| 13:31 | Create | Villager (Male) |
| 13:33 | Create | Archer |
| 14:11 | Build | Lumber Camp |
| 14:16 | Build | Lumber Camp |
| 14:22 | Create | Villager (Male) |
| 14:45 | Create | Villager (Male) |
| 14:48 | Create | Archer |
| 15:34 | Create | Villager (Male) |
| 15:59 | Create | Villager (Male) |
| 16:26 | Create | Villager (Male) |
| 16:30 | Build | Mill |
| 16:34 | Research | Castle Age |
| 16:41 | Build | Stable |
Match timeline
| 6:49 | tortuga_picante · first_building Barracks |
| 10:24 | tortuga_picante · age_up feudal |
| 10:35 | tortuga_picante · first_building Archery Range |
| 16:41 | tortuga_picante · first_building Stable |
| 17:10 | MAVERICK70075 · resign |
[ AI ANALYSIS · 1 CREDIT ]
What really happened in this match?
Wolo.gg analyzes every decision: build order, eco, micro, common mistakes by bracket. Personalized analysis on WhatsApp or Discord in 30 seconds.
Civ guide
Turks
Perfil
Jugador #22465331